 Dungeon Crawl Stone Soup version 0.30-b1-2-g02819fbbbe (webtiles) character file.

Game seed: 5955753884207654046

193 redmage the Digger (level 6, -4/45 HPs)
             Began as a Meteoran Earth Elementalist on Aug 30, 2023.
             Slain by a river rat (7 damage)
             ... in a sewer.
             The game lasted 00:06:48 (325 turns).

redmage the Digger (Meteoran Earth Elementalist)     Turns: 325, Time: 00:06:50

Health: -4/45      AC:  2    Str:  9    XL:     6   Next: 23%
Magic:  3/14       EV: 12    Int: 19    God:
Gold:   57         SH:  0    Dex: 15    Spells: 12/15 levels left

rFire   . . .        (no weapon)
rCold   . . .        (no shield)
rNeg    + . .        a - +0 robe
rPois   .            (no helmet)
rElec   .            (no cloak)
rCorr   .            (no gloves)
SInv    .            (no boots)
Will    .....        (no amulet)
Stlth   +            e - ring of positive energy
HPRegen 0.27/turn    (no ring)
MPRegen 0.14/turn

%: no passive effects
@: glowing
A: sense surroundings 1, otherworldly, glowing, explore regen
a: no special abilities


You were in a sewer.
You visited 1 branch of the dungeon, and saw 5 of its levels.
You also visited: Sewer.

You collected 57 gold pieces.

Inventory:

Armour
 a - a +0 robe (worn)
 f - a +0 helmet
Jewellery
 e - a ring of positive energy (left hand)
Scrolls
 d - a scroll of enchant weapon {unknown}
 g - a scroll of identify {unknown}
Potions
 b - a potion of magic
 c - a potion of might {unknown}


   Skills:
 - Level 2.6 Dodging
 - Level 1.5 Stealth
 + Level 5.1 Spellcasting
 - Level 1.5 Transmutations
 + Level 5.7 Earth Magic


You had 12 spell levels left.
You knew the following spells:

 Your Spells              Type           Power      Damage    Failure   Level
a - Sandblast             Erth           52%        2d12      1%          1
b - Passwall              Tmut/Erth      15%        N/A       4%          2

Your spell library contained the following spells:

 Spells                   Type           Power      Damage    Failure   Level
 Freeze                   Ice            16%        1d4       12%         1
 Stone Arrow              Conj/Erth      30%        3d8       12%         3
 Petrify                  Tmut/Erth      18%        N/A       26%         4
 Frozen Ramparts          Ice            8%         1d2       36%         3
 Hailstorm                Conj/Ice       4%         3d4       36%         3


Dungeon Overview and Level Annotations

Branches:
Dungeon (5/15) Zot: 2763    Sewer (1/1) Zot: 450
 Temple: D:4-7

Altars:


Innate Abilities, Weirdness & Mutations

You passively map a small area around you.
You are easily found by Zot.
You glow in the dark.
You regain HP and MP as you explore.


Message History

The river rat bites you but does no damage.
Unknown command.
Casting: Sandblast (safe; 1% risk of failure)
Confirm with . or Enter, or press ? or * to list all spells.
Aiming: Sandblast (safe; 1% risk of failure)
Press: ? - help, Shift-Dir - straight line, f/p - river rat
Aim: a river rat (moderately wounded, 81% to hit)
The blast of sand hits the river rat!
You kill the river rat!
The river rat bites you. The river rat bites you!
* * * LOW HITPOINT WARNING * * *
Unknown command.
Casting: Sandblast (safe; 1% risk of failure)
Confirm with . or Enter, or press ? or * to list all spells.
Aiming: Sandblast (safe; 1% risk of failure)
Press: ? - help, Shift-Dir - straight line, f - river rat
Aim: a river rat (81% to hit)
The blast of sand hits the river rat.
The river rat is heavily wounded.
The river rat barely misses you.
Unknown command.
Casting: Sandblast (safe; 1% risk of failure)
Confirm with . or Enter, or press ? or * to list all spells.
Aiming: Sandblast (safe; 1% risk of failure)
Press: ? - help, Shift-Dir - straight line, f/p - river rat
Aim: a river rat (heavily wounded, 81% to hit)
The blast of sand hits the river rat.
The river rat is severely wounded.
The river rat bites you.
* * * LOW HITPOINT WARNING * * *
The river rat closely misses you.
Casting: Sandblast (safe; 1% risk of failure)
Confirm with . or Enter, or press ? or * to list all spells.
Aiming: Sandblast (safe; 1% risk of failure)
Press: ? - help, Shift-Dir - straight line, f/p - river rat
Aim: a river rat (severely wounded, 81% to hit)
The blast of sand hits the river rat.
The river rat is almost dead.
The river rat bites you!
You die...

#~≈.# ~ #.≈~#
,+..+ ~ #~≈~#
#..#, , #~≈~#
*#..# #~≈~# #..#
#~≈~####..### ~
#~≈~##.#..#.# ~,
, ~ #.≈~##.'..r.#
#.≈~##.††@'.#*,
#~≈~##.#..#.# ~
#~≈.####..# #* ~
* #~≈~# #~.# ~ ~
#~≈.# #.~# *~ *
#.≈~####~~####~≈
~
#~≈~~~~~~~~~~~~.~
~
#~≈≈≈≈≈≈~~≈≈≈≈≈≈
~
#~~~~~~~..~..~~.
*


You could see a river rat.

Vanquished Creatures
  A jelly (D:4)
  An orc priest (D:4)
  An orc wizard (D:4)
  4 adders (Sewer)
  2 river rats (Sewer)
  3 worms
  7 orcs (D:4)
  8 ball pythons
  7 bats
  An endoplasm (Sewer)
  A giant cockroach (D:4)
  5 goblins
  2 jackals (Sewer)
  2 frilled lizards
  A rat (D:1)
46 creatures vanquished.

Notes
Turn   | Place    | Note
-------+----------+-------------------------------------------
     0 | D:1      | redmage the Meteoran Earth Elementalist began the quest for
                  | the Orb.
     0 | D:1      | Reached XP level 1. HP: 14/14 MP: 5/5
    47 | D:1      | Reached XP level 2. HP: 20/20 MP: 3/6
    85 | D:2      | Learned a level 2 spell: Passwall
   113 | D:4      | Noticed a jelly
   115 | D:4      | Killed a jelly
   116 | D:4      | Reached XP level 3. HP: 26/26 MP: 5/9
   126 | D:4      | Reached XP level 4. HP: 33/33 MP: 7/10
   138 | D:5      | Entered Level 5 of the Dungeon
   195 | D:4      | Reached skill level 5 in Earth Magic
   195 | D:4      | Reached XP level 5. HP: 27/38 MP: 6/12
   209 | D:4      | Found a glowing drain.
   219 | Sewer    | Entered a sewer
   313 | Sewer    | Reached XP level 6. HP: 28/45 MP: 9/14
   314 | Sewer    | Reached skill level 5 in Spellcasting
   325 | Sewer    | Slain by a river rat

Illustrated notes

Levels and vault maps discovered:
D:1:      ebering_trefoil_3fold, layout_basic,
          dreamdust_ecumenical_altar_angels_and_demons
D:2:      layout_loops_ring, uniq_jessica
D:3:      layout_loops_cross, mainiacjoe_overflow_paths, elyvilon_altar_1,
          corexii_corridor_pit, uniq_terence
D:4:      layout_loops_ring, worldfamousw_hep_ancestral_shrine,
          nicolae_ossuary_entry_catacombs, cheibrodos_sewer_entry_drain,
          grunt_decor_clamped
D:5:      layout_gridville
Sewer:    sewer_fruit_machine

Skill      XL: |  1  2  3  4  5  6 |
---------------+-------------------+-----
Spellcasting   | 3 4 5 |  5.1
Earth Magic    | 4 5 |  5.7
Dodging        | |  2.6
Stealth        | |  1.5
Transmutations | |  1.5

Action                     |  1- 3 |  4- 6 || total
---------------------------+-------+-------++-------
   Cast: Sandblast         |    12 |    58 ||    70
 Armour: Robe              |     1 |     5 ||     6
  Dodge: Dodged            |     2 |    21 ||    23
